 Dungeon Crawl Stone Soup version 0.23.2-33-g5129a83184 (webtiles) character file.

Game seed: 13868961678513464843

49 troglodite the Charmwright (level 3, 0/31 HPs)
             Began as a Gnoll Skald on July 18, 2019.
             Succumbed to an adder's poison
             ... on level 2 of the Dungeon.
             The game lasted 00:02:30 (1457 turns).

troglodite the Charmwright (Gnoll Skald)            Turns: 1457, Time: 00:02:31

Health: 0/31       AC:  3    Str: 13    XL:     3   Next: 75%
Magic:  6/9        EV: 14    Int: 15    God:
Gold:   21         SH:  0    Dex: 15    Spells: 5/12 levels left

rFire    . . .     SeeInvis .   a - +0 spear
rCold    . . .     Gourm    .   (no shield)
rNeg     . . .     Faith    .   b - +0 leather armour
rPois    .         Spirit   .   (no helmet)
rElec    .         Reflect  .   (no cloak)
rCorr    .         Harm     .   (no gloves)
MR       .....                  (no boots)
Stlth    +.........             (no amulet)
HPRegen  0.10/turn              (no ring)
MPRegen  0.11/turn              (no ring)

@: lethally poisoned (0 -> -8), very slightly contaminated
A: distributed training, fangs 1, strong nose
a: no special abilities


You were on level 2 of the Dungeon.
You were not hungry.

You visited 1 branch of the dungeon, and saw 2 of its levels.

You collected 21 gold pieces.

Inventory:

Hand Weapons
 a - a +0 spear (weapon)
Armour
 b - a +0 leather armour (worn)
Scrolls
 c - 6 scrolls of identify {unknown}
Potions
 e - 2 potions of flight {unknown}
 f - a potion of agility {unknown}
Comestibles
 d - a ration
 g - 3 chunks of flesh


   Skills:
 + Level 4.5 Fighting
 + Level 0.9 Short Blades
 + Level 0.9 Long Blades
 + Level 0.9 Axes
 + Level 0.9 Maces & Flails
 + Level 4.5 Polearms
 + Level 0.9 Staves
 + Level 0.9 Slings
 + Level 0.9 Bows
 + Level 0.9 Crossbows
 + Level 0.9 Throwing
 + Level 2.6 Armour
 + Level 4.5 Dodging
 + Level 0.9 Stealth
 + Level 0.9 Shields
 + Level 0.9 Unarmed Combat
 + Level 5.0 Spellcasting
 + Level 0.6 Conjurations
 + Level 0.6 Hexes
 + Level 5.4 Charms
 + Level 0.6 Summonings
 + Level 0.6 Necromancy
 + Level 0.6 Translocations
 + Level 0.6 Transmutations
 + Level 0.6 Fire Magic
 + Level 0.6 Ice Magic
 + Level 0.6 Air Magic
 + Level 0.6 Earth Magic
 + Level 0.6 Poison Magic
 + Level 1.0 Invocations
 + Level 0.9 Evocations


You had 5 spell levels left.
You knew the following spells:

 Your Spells              Type           Power        Failure   Level  Hunger
a - Infusion              Chrm           ###.         2%          1    None
b - Spectral Weapon       Hex/Chrm       ##......     19%         3    ###....
c - Regeneration          Chrm/Necr      ##........   19%         3    ###....

Your spell library contained the following spells:

 Spells                   Type           Power        Failure   Level  Hunger
 Song of Slaying          Chrm           ###.....     3%          2    ##.....
 Shroud of Golubria       Chrm/Tloc      ##........   9%          2    ##.....


Dungeon Overview and Level Annotations

Branches:
Dungeon (2/15)

Altars:


Innate Abilities, Weirdness & Mutations

Your experience applies equally to all skills.
You have very sharp teeth.
Your uncanny sense of smell can sniff out nearby items.


Message History

Unknown command.
The adder bites you.
* * * LOW HITPOINT WARNING * * *
You are poisoned.
The adder poisons you!
You feel sick. The adder bites you.
* * * LOW HITPOINT WARNING * * *
You are lethally poisoned!
The adder poisons you!
Cast which spell? (? or * to list)
You miscast Regeneration.
You are very lightly contaminated with residual magic.
Waves of light ripple over your body.
* * * LOW HITPOINT WARNING * * *
You feel sick. The adder bites you.
* * * LOW HITPOINT WARNING * * *
You are more poisoned.
The adder poisons you!
You die...

..≈≈≈≈≈.≈≈≈≈≈.≈≈≈≈≈.≈≈≈≈
........................
..≈≈≈≈≈l≈≈≈≈≈.≈≈≈≈≈.≈≈≈≈
..≈###≈.≈###≈.≈ #≈.≈###
..≈ #≈K≈# ≈.≈ #≈.≈# #
..≈###≈g≈###≈.≈###≈.≈###
..≈≈≈≈≈S≈≈≈≈≈.≈≈≈≈≈.≈≈≈≈
...............(........
..≈≈≈≈≈@≈≈≈≈≈.≈≈≈≈≈.≈≈≈≈
#..≈###≈.≈###≈.≈###≈.≈###
#..≈ #≈.≈# #≈.≈# #≈.≈# #
#..≈###≈.≈###≈.≈###≈.≈###
#..≈≈≈≈≈.≈≈≈≈≈.≈≈≈≈≈.≈≈≈≈
#........................
#................########
##################


You could see an adder, a leopard gecko, a hobgoblin and a kobold.

Vanquished Creatures
  2 adders (D:2)
  A worm (D:2)
  2 giant cockroaches (D:1)
  4 goblins (D:1)
  5 hobgoblins (D:1)
  3 jackals (D:2)
  4 kobolds (D:1)
  2 bats
  A frilled lizard (D:2)
  A rat (D:1)
25 creatures vanquished.

Notes
Turn   | Place    | Note
-------+----------+-------------------------------------------
     0 | D:1      | troglodite the Gnoll Skald began the quest for the Orb.
     0 | D:1      | Reached XP level 1. HP: 20/20 MP: 6/6
   156 | D:1      | Reached XP level 2. HP: 26/26 MP: 7/7
  1258 | D:2      | Reached XP level 3. HP: 28/31 MP: 9/9
  1274 | D:2      | Reached skill level 5 in Spellcasting
  1376 | D:2      | Learned a level 3 spell: Spectral Weapon
  1380 | D:2      | Learned a level 3 spell: Regeneration
  1449 | D:2      | Reached skill level 1 in Invocations
  1456 | D:2      | HP: 1/31 [adder (3)]
  1457 | D:2      | Succumbed to an adder's poison

Skill      XL: |  1  2  3 |
---------------+----------+-----
Spellcasting   | 5 |  5.0
Invocations    | 1 |  1.0
Fighting       | |  4.5
Short Blades   | |  0.9
Long Blades    | |  0.9
Axes           | |  0.9
Maces & Flails | |  0.9
Polearms       | |  4.5
Staves         | |  0.9
Slings         | |  0.9
Bows           | |  0.9
Crossbows      | |  0.9
Throwing       | |  0.9
Armour         | |  2.6
Dodging        | |  4.5
Stealth        | |  0.9
Shields        | |  0.9
Unarmed Combat | |  0.9
Conjurations   | |  0.6
Hexes          | |  0.6
Charms         | |  5.4
Summonings     | |  0.6
Necromancy     | |  0.6
Translocations | |  0.6
Transmutations | |  0.6
Fire Magic     | |  0.6
Ice Magic      | |  0.6
Air Magic      | |  0.6
Earth Magic    | |  0.6
Poison Magic   | |  0.6
Evocations     | |  0.9

Action                   || total
-------------------------++-------
Melee: Spear             ||   124
       Bite              ||    11
       Punch             ||     2
 Stab: Sleeping          ||     1
  Eat: Chunk             ||     2
Armor: Leather armour    ||    17
Dodge: Dodged            ||    76
